 Dungeon Crawl Stone Soup version 0.25.1-8-g42b30a86e7 (webtiles) character file.

Game seed: 14076275488221574313

7385 hawla the Thaumaturge (level 10, -6/117 HPs)
             Began as a Yellow Draconian Conjurer on Dec 10, 2020.
             Was a Follower of Vehumet.
             Mangled by an unseen horror (9 damage)
             ... on level 11 of the Dungeon.
             The game lasted 00:43:03 (18070 turns).

hawla the Thaumaturge (Yellow Draconian Conjurer)  Turns: 18070, Time: 00:43:04

Health: -6/117     AC:  8    Str: 13    XL:     10   Next: 92%
Magic:  3/25       EV: 14    Int: 19    God:    Vehumet [*.....]
Gold:   685        SH:  0    Dex: 11    Spells: 24/31 levels left

rFire    . . .     SeeInvis .   x - +0 quarterstaff
rCold    . . .     Gourm    .   (shield currently unavailable)
rNeg     . . .     Faith    .   (armour unavailable)
rPois    .         Spirit   .   (helmet restricted)
rElec    .         Reflect  .   j - +0 cloak
rCorr    +         Harm     .   (no gloves)
MR       .....                  (no boots)
Stlth    ..........             (no amulet)
HPRegen  0.29/turn              (no ring)
MPRegen  0.19/turn              (no ring)

@: mighty, berserking, hasted, very quick
A: spit acid, unfitting armour, stinger 1, blurry vision 1, strong 1, wild magic
1, cold-blooded, acid resistance, AC +7
a: Breathe Acid, Renounce Religion


You were on level 11 of the Dungeon.
You worshipped Vehumet.
Vehumet was aware of your devotion.
You were hungry.

You visited 2 branches of the dungeon, and saw 12 of its levels.
You also visited: Sewer and Ossuary.

You collected 685 gold pieces.

Inventory:

Hand Weapons
 x - a +0 quarterstaff (weapon)
Missiles
 a - 4 boomerangs of dispersal
 d - 11 poisoned darts
 k - 26 boomerangs (quivered)
Armour
 j - a +0 cloak (worn)
Magical Staves
 l - an uncursed staff of poison
Wands
 f - a wand of acid (6)
 o - a wand of polymorph (5)
 w - a wand of iceblast (6)
 y - a wand of flame (11)
 A - a wand of clouds (1)
Scrolls
 g - 3 scrolls of identify
 h - 7 scrolls of enchant armour
 q - 3 scrolls of remove curse
 v - a scroll of enchant weapon
 z - a scroll of magic mapping
Potions
 c - 3 potions of flight
 i - a potion of invisibility
 m - 2 potions of might
 n - 2 potions of haste
 p - a potion of brilliance
 s - a potion of stabbing
Comestibles
 b - 14 rations
 B - a chunk of flesh


   Skills:
 * Level 4.0 Fighting
 * Level 1.2 Staves
 + Level 0.1 Throwing
 * Level 4.9 Dodging
 + Level 3.6 Stealth
 + Level 11.1 Spellcasting
 - Level 6.8 Conjurations
 - Level 7.2 Translocations
 * Level 1.0 Evocations


You had 24 spell levels left.
You knew the following spells:

 Your Spells              Type           Power        Failure   Level  Hunger
a - Magic Dart            Conj           ####         1%          1    None
b - Searing Ray           Conj           #####.       1%          2    None
c - Iskenderun's Mystic   Conj/Tloc      #####...     6%          4    ##.....

Your spell library contained the following spells:

 Spells                   Type           Power        Failure   Level  Hunger
 Shock                    Conj/Air       ####         3%          1    None
 Dazzling Flash           Conj/Hex       ####..       8%          3    None
 Animate Skeleton         Necr           N/A          11%         1    None
 Pain                     Necr           ##..         11%         1    None
 Fulminant Prism          Conj/Hex       ####......   22%         4    ##.....
 Vampiric Draining        Necr           ##........   28%         3    None
 Animate Dead             Necr           N/A          63%         4    ##.....
 Agony                    Necr           ##......     92%         5    ####...


Dungeon Overview and Level Annotations

Branches:
Dungeon (11/15)            Temple (1/1) D:7            Lair (0/6) D:8
  Sewer (visited)         Ossuary (visited)
    Orc: D:9-12

Altars:
Ashenzari
Cheibriados
Dithmenos
Elyvilon
Fedhas
Gozag
Hepliaklqana
Kikubaaqudgha
Makhleb
Nemelex Xobeh
Okawaru
Qazlal
Ru
Sif Muna
Trog
Uskayaw
Vehumet
Wu Jian
Xom
Yredelemnul
Zin
The Shining One

Shops:
D:2 *

Annotations:
D:2 Sigmund


Innate Abilities, Weirdness & Mutations

You can spit globs of acid.
Your golden yellow scales are hard. (AC +7)
You cannot fit into any form of body armour.
You are cold-blooded and may be slowed by cold attacks.
You are resistant to acid. (rCorr)
Your tail ends in a poisonous barb.
Scrolls take you a little longer to read.
Your muscles are strong. (Str +2)
Your spells are a little harder to cast, but a little more powerful.


Message History

Something hits you but does no damage.
You feel better.
You hit something. Something hits you. x2
You hit something. Something hits you!
* * * LOW HITPOINT WARNING * * *
Something hits you.
* * * LOW HITPOINT WARNING * * *
Okay, then.
Something hits you but does no damage. Something hits you!
* * * LOW HITPOINT WARNING * * *
It was a potion of berserk rage.
A red film seems to cover your vision as you go berserk!
You feel yourself moving faster!
You feel mighty! Something hits you!
* * * LOW HITPOINT WARNING * * *
You feel a strong urge to attack something.
Something hits you.
* * * LOW HITPOINT WARNING * * *
Something hits you!
You die...

,,,,,,,,,,........#.......#
,,,,,,,,,,........#...รท...#
,,,,,,,,,,......^.).).##..#
,,,,,,,,,,........#.......#
,,,,,,,,,,........#.......#
,,,,,,,,,,........#.......#
,,,,,,,,,,........#.......#
,,,,,,,,#########'#.......#
***,,,,,#.......@.........#
***,,,>,#.########..####..#
,,,,,,,,*,* #..# *..#
,,,,,,,,*,* #..# *,.#
,,,,,,,,*,* #..#***,.#
,,,,,,,,*,* *...,,,,,*
,,,,,,,,*,********....,,,,*
,**,,,***,,,,,,,,,....,,,,*
,*************+**,,,,,,,,,*


There were no monsters in sight!

Vanquished Creatures
  A two-headed ogre (D:11)
  3 trolls (D:10)
  A wraith (Ossuary)
  5 yaks
  A hungry ghost (D:5)
  An orc warrior (D:11)
  3 ice beasts
  5 sky beasts
  2 phantoms
  A centaur (D:9)
  An eye of draining (D:10)
  10 bullfrogs
  A gnoll sergeant (D:6)
  2 wyvern skeletons
  4 scorpions
  A water moccasin skeleton (D:7)
  10 killer bees
  9 wights
  4 howler monkeys
  4 crimson imps (D:10)
  A bullfrog zombie (D:6)
  2 quasits
  2 jellies
  7 orc priests
  2 hounds
  11 orc wizards
  A bullfrog skeleton (D:4)
  2 centaur skeletons
  2 iguanas
  Ijyb (D:2)
  7 worker ants
  2 hound zombies (D:5)
  3 mummies (Ossuary)
  A howler monkey zombie (D:5)
  9 gnolls
  12 adders
  2 shadow imps
  8 oozes (Sewer)
  2 adder skeletons
  5 dart slugs
  13 leopard geckos
  23 orcs
  15 giant cockroaches
  A gnoll zombie (Ossuary)
  8 hobgoblins
  14 jackals
  A quokka (D:6)
  13 ball pythons
  9 bats
  13 frilled lizards
  17 goblins
  5 goblin zombies (Ossuary)
  3 hobgoblin zombies (Ossuary)
  A jackal skeleton (D:4)
  7 kobolds
  A kobold zombie (Ossuary)
  A leopard gecko zombie (D:5)
  A quokka skeleton (D:6)
  A quokka zombie (D:7)
  7 rats
305 creatures vanquished.

Vanquished Creatures (others)
  A water moccasin (D:9)
1 creature vanquished.

Grand Total: 306 creatures vanquished

Notes
Turn   | Place    | Note
-------+----------+-------------------------------------------
     0 | D:1      | hawla the Draconian Conjurer began the quest for the Orb.
     0 | D:1      | Reached XP level 1. HP: 14/14 MP: 3/3
   561 | D:1      | Reached XP level 2. HP: 20/20 MP: 0/5
   565 | D:1      | Learned a level 2 spell: Searing Ray
  1271 | D:1      | Reached skill level 3 in Spellcasting
  1423 | D:1      | Reached XP level 3. HP: 26/26 MP: 2/7
  2217 | D:2      | Found a sparkling altar of Nemelex Xobeh.
  2465 | D:2      | Found an opulent altar of Gozag.
  2465 | D:2      | Found Gozag's Platinum Reserve.
  2508 | D:2      | Noticed Sigmund
  2559 | D:2      | Reached XP level 4. HP: 32/33 MP: 2/9
  2566 | D:2      | Reached skill level 4 in Spellcasting
  2584 | D:2      | Learned a level 4 spell: Iskenderun's Mystic Blast
  3091 | D:2      | Reached skill level 1 in Translocations
  3315 | D:2      | Noticed Ijyb
  3392 | D:2      | Killed Ijyb
  3392 | D:2      | Reached XP level 5. HP: 31/38 MP: 8/11
  3578 | D:2      | You fall into a shaft and drop 1 floor!
  3714 | D:3      | Found a hide-covered altar of Uskayaw.
  4117 | D:3      | You fall into a shaft and drop 1 floor!
  4739 | D:4      | Found a basalt altar of Yredelemnul.
  4757 | D:4      | Reached skill level 5 in Conjurations
  4757 | D:4      | Reached XP level 6. HP: 37/45 MP: 7/12
  5518 | D:5      | Entered Level 5 of the Dungeon
  5611 | D:5      | Found a sand-covered staircase.
  5619 | Ossuary  | Entered an ossuary
  5619 | Ossuary  | Noticed a wraith
  5619 | Ossuary  | Noticed a wraith
  5619 | Ossuary  | Noticed a wraith
  6386 | Ossuary  | Noticed a wraith
  6405 | Ossuary  | HP: 1/45 [wraith (11)]
  6412 | Ossuary  | Killed a wraith
  6412 | Ossuary  | Reached skill level 5 in Translocations
  6412 | Ossuary  | Your scales start taking on a golden yellow colour.
  6412 | Ossuary  | Reached XP level 7. HP: 4/50 MP: 9/13
  6412 | Ossuary  | Gained mutation: You are resistant to acid. (rCorr) [Yellow
                  | Draconian growth]
  7582 | D:5      | Noticed a hungry ghost
  7590 | D:5      | Killed a hungry ghost
  7690 | D:5      | Reached XP level 8. HP: 27/57 MP: 6/14
  8265 | D:6      | Found a glowing drain.
  8365 | Sewer    | Entered a sewer
  9658 | D:6      | Reached skill level 5 in Spellcasting
 10012 | D:6      | Reached skill level 6 in Spellcasting
 10515 | D:7      | Found a burning altar of Makhleb.
 10516 | D:7      | Found an ornate altar of the Wu Jian Council.
 10778 | D:7      | Reached skill level 7 in Spellcasting
 10778 | D:7      | Reached XP level 9. HP: 31/62 MP: 5/19
 11152 | D:7      | Found a staircase to the Ecumenical Temple.
 11159 | Temple   | Entered the Ecumenical Temple
 11641 | D:7      | Reached skill level 8 in Spellcasting
 12233 | D:8      | Found an iron altar of Okawaru.
 12248 | D:8      | Found a staircase to the Lair.
 13228 | D:9      | Found a glowing golden altar of the Shining One.
 13315 | D:9      | Reached skill level 1 in Fighting
 13528 | D:9      | Found a radiant altar of Vehumet.
 13844 | D:9      | Reached skill level 9 in Spellcasting
 14101 | D:9      | Became a worshipper of Vehumet
 14180 | D:10     | Entered Level 10 of the Dungeon
 14287 | D:10     | Noticed a troll
 14726 | D:10     | Noticed a troll
 14739 | D:10     | Killed a troll
 14997 | D:10     | Noticed a troll
 15007 | D:10     | Killed a troll
 15007 | D:10     | Reached XP level 10. HP: 28/73 MP: 10/23
 15591 | D:10     | Reached skill level 10 in Spellcasting
 16424 | D:11     | Noticed a two-headed ogre
 16431 | D:11     | Killed a two-headed ogre
 16636 | D:11     | Reached * piety under Vehumet
 16636 | D:11     | Offered knowledge of Shock by Vehumet.
 16983 | D:11     | Reached skill level 11 in Spellcasting
 17779 | D:11     | Reached skill level 1 in Staves
 17819 | D:11     | Reached skill level 1 in Evocations
 18055 | D:11     | Gained mutation: Your spells are a little harder to cast,
                  | but a little more powerful. [potion of mutation]
 18055 | D:11     | Gained mutation: Scrolls take you a little longer to read.
                  | [potion of mutation]
 18055 | D:11     | Gained mutation: Your tail ends in a poisonous barb.
                  | [potion of mutation]
 18055 | D:11     | Gained mutation: Your muscles are strong. (Str +2) [potion
                  | of mutation]
 18068 | D:11     | HP: 5/117 [something (7)]
 18070 | D:11     | Mangled by an unseen horror

Illustrated notes

Levels and vault maps discovered:
D:1:      dpeg_arrival_long_road, layout_loops_corners, serial_forest,
          infiniplex_forest_lined_2, infiniplex_forest_side_room,
          infiniplex_forest_corner_2, infiniplex_forest_clump_curved,
          infiniplex_forest_zigzag_1, chequers_decorated_corner
D:2:      kennysheep_the_goblin_king, layout_basic,
          nemelex_xobeh_ov_fountains_minmay, nicolae_gozag_zags_fifth_avenue,
          patterned_corridor, uniq_sigmund
D:3:      layout_basic, eat_drink_and_be_merry_uskayaw, minivault_25
D:4:      layout_loops_ring, old_standard_altar, uniq_ijyb
D:5:      layout_cave_pods, first_ration, lightli_ossuary_entry_decrepit_ruins
D:6:      layout_rooms, portal_sewer_entry_a
D:7:      layout_basic, chequers_temple_overflow_statue_of_worship,
          minmay_temple_entry_hall
D:8:      layout_loops_corners, okawaru_ov_weapons_minmay, lair_entry_dummy
D:9:      wander_river, layout_loops_cross, tso_metal_star, fiery_altar_vehumet
D:10:     layout_basic
D:11:     layout_stronghold, hangedman_pestilent_swarm
Temple:   dshaligram_water_room_temple

Skill      XL: |  1  2  3  4  5  6  7  8  9 10 |
---------------+-------------------------------+-----
Spellcasting   | 3 4 7 9 11 | 11.1
Translocations | 1 3 5 6 7 |  7.2
Conjurations   | 5 6 |  6.8
Dodging        | 3 4 |  4.9
Stealth        | 2 3 |  3.6
Fighting       | 2 4 |  4.0
Staves         | 1 |  1.2
Evocations     | 1 |  1.0
Throwing       | |  0.1

Action                   |  1- 3 |  4- 6 |  7- 9 | 10-12 || total
-------------------------+-------+-------+-------+-------++-------
Melee: Unarmed           |    32 |     8 |       |       ||    40
       Tailslap          |     1 |     6 |     3 |       ||    10
       Whip              |       |    37 |     4 |       ||    41
       Staff             |       |       |    10 |     6 ||    16
       Quarterstaff      |       |       |       |     3 ||     3
Throw: Boomerang         |       |       |       |     1 ||     1
 Cast: Magic Dart        |    57 |    59 |   117 |    42 ||   275
       Searing Ray       |    13 |    41 |   130 |    57 ||   241
       Iskenderun's Myst |       |     5 |    17 |    24 ||    46
 Abil: Breathe Acid      |       |       |     2 |     1 ||     3
  Use: Scroll            |     3 |     6 |    11 |     7 ||    27
       Potion            |     1 |     7 |     3 |     7 ||    18
 Stab: Invisible         |       |       |     2 |       ||     2
  Eat: Chunk             |     6 |    11 |    25 |     7 ||    49
       Ration            |       |     1 |     2 |     1 ||     4
Armor: Skin              |    27 |    16 |    77 |    26 ||   146
Dodge: Dodged            |    60 |    66 |   131 |    44 ||   301
